 Dungeon Crawl Stone Soup version 0.26.1-11-gd32895ea62 (webtiles) character file.

Game seed: 11847600715242593524

582702 MajorAdolf the Evocator (level 27, -14/186 HPs)
             Began as a Naga Wanderer on July 21, 2021.
             Was an Initiate of Gozag.
             Killed from afar by a Killer Klown (32 damage)
             ... with a klown pie
             ... on level 5 of the Realm of Zot on July 22, 2021.
             The game lasted 02:50:44 (97743 turns).

MajorAdolf the Evocator (Naga Wanderer)            Turns: 97743, Time: 02:50:45

Health: -14/186    AC: 48    Str: 22 (23) XL:     27
Magic:  18/18      EV:  9    Int: 16 (17) God:    Gozag
Gold:   1029       SH: 23    Dex:  9 (11) Spells: 26/26 levels left

rFire    + + .     SeeInvis +   Y - +8 broad axe (vorpal)
rCold    + + .     Faith    .   Z - +4 tower shield {AC+3}
rNeg     . . .     Spirit   .   N - +3 scale mail {rF+}
rPois    +         Reflect  .   O - +2 helmet of Leacona {Slay+2}
rElec    +         Harm     .   T - +3 cloak of Indomitability {Int+4}
rCorr    +         Rampage  .   z - +1 pair of gloves of Wasted Space {Will++}
Will     +++++     Rnd*Tele +   K - +4 barding
Stlth    +.........             E - amulet of regeneration
HPRegen  0.81/turn              g - +4 ring of slaying
MPRegen  0.16/turn              B - ring of protection from cold

@: resistant, hasted (expiring), studying Shields, quick
A: large, icy blue scales 1, iridescent scales 1, see invisible, blink, clumsy
1, deformed body, frail 3, low mp 2, poison resistance, slowness 2, spit poison
2, teleportitis 1, weak 1, no potion heal 1, constrict 1, AC +9
}: 3/15 runes: decaying, silver, gossamer
a: Breathe Poison Gas, Breathe Poison Gas, Blink, Renounce Religion, Potion
Petition, Call Merchant, Bribe Branch


You were on level 5 of the Realm of Zot.
You worshipped Gozag.
Gozag was most pleased with you.
You visited 10 branches of the dungeon, and saw 49 of its levels.
You also visited: Gauntlet and Volcano.

You collected 30941 gold pieces.
You spent 14987 gold pieces at shops.
You paid 14925 gold pieces to Gozag.

Inventory:

Hand Weapons
 L - a +2 broad axe of flaming
 Y - a +8 vorpal broad axe (weapon)
Armour
 z - the +1 pair of gloves of Wasted Space (worn) {Will++}
   (You found it in a volcano)

   It affects your willpower, your defense against some magical effects.
 K - a +4 barding (worn)
 N - a +3 scale mail of fire resistance (worn)
 O - the +2 helmet of Leacona (worn) {Slay+2}
   (You bought it in a shop on level 3 of the Lair of Beasts)

   It affects your accuracy and damage with ranged weapons and melee attacks
   (+2).
 T - the +3 cloak of Indomitability (worn) {Int+4}
   (You bought it in a shop on level 1 of the Depths)

   It affects your intelligence (+4).
 Z - a +4 tower shield of protection (worn)
Jewellery
 g - a +4 ring of slaying (left hand)
 s - a +4 ring of slaying
 B - a ring of protection from cold (right hand)
 E - an amulet of regeneration (around neck)
 Q - the amulet of Uvaz Seo {Reflect rElec rN++ Str-4 Int+4 SH+5}
   (You bought it in a shop on level 5 of the Vaults)

   [amulet of reflection]

   It shields you and reflects attacks.
   It affects your strength (-4).
   It affects your intelligence (+4).
   It insulates you from electricity.
   It greatly protects you from negative energy.
   It affects your SH (+5).
Wands
 j - a wand of random effects (24)
 r - a wand of iceblast (29)
 x - a wand of acid (48)
 y - a wand of paralysis (58)
 H - a wand of polymorph (32)
 U - a wand of flame (59)
 V - a wand of digging (29)
Scrolls
 c - 6 scrolls of teleportation
 d - 23 scrolls of identify
 e - 2 scrolls of blinking
 k - 13 scrolls of fog
 n - 10 scrolls of magic mapping
 o - 31 scrolls of remove curse
 p - 7 scrolls of vulnerability
 q - 13 scrolls of fear
 t - 2 scrolls of holy word
 v - a scroll of amnesia
 A - 7 scrolls of immolation
 I - 4 scrolls of summoning
 X - 3 scrolls of silence
Potions
 b - 11 potions of lignification
 f - 4 potions of cancellation
 h - a potion of magic
 l - a potion of invisibility {unknown}
 m - 18 potions of curing
 w - 6 potions of mutation
 C - 7 potions of berserk rage
 D - 10 potions of haste
 F - a potion of flight {unknown}
 G - 13 potions of ambrosia
 M - 2 potions of resistance
 S - 11 potions of might
Books
 R - a manual of Shields
Miscellaneous
 a - a tin of tremorstones (2/2)
 i - a condenser vane
 u - a phial of floods
 J - a lightning rod (4/4)
 W - a box of beasts


   Skills:
 + Level 19.2 Fighting
 + Level 19.8(19.9) Axes
 - Level 3.0(13.7) Maces & Flails
 + Level 16.5 Armour
 + Level 10.2 Dodging
 - Level 3.0 Stealth
 + Level 13.3 Shields
 - Level 1.0 Unarmed Combat
 * Level 26.3 Evocations


You had 26 spell levels left.
You didn't know any spells.
Your spell library contained the following spells:

 Spells                   Type           Power        Failure   Level
 Corona                   Hex            0%           56%         1
 Magic Dart               Conj           0%           56%         1
 Sandblast                Erth           0%           56%         1
 Summon Small Mammal      Summ           0%           56%         1
 Blink                    Tloc           N/A          71%         2
 Call Imp                 Summ           0%           71%         2
 Corpse Rot               Necr/Air       N/A          71%         2
 Ensorcelled Hibernation  Hex/Ice        0%           71%         2
 Passwall                 Tmut/Erth      0%           71%         2
 Searing Ray              Conj           0%           71%         2
 Slow                     Hex            0%           71%         2
 Swiftness                Air            0%           71%         2
 Call Canine Familiar     Summ           0%           91%         3
 Confusing Touch          Hex            0%           91%         3
 Conjure Flame            Conj/Fire      0%           91%         3
 Dazzling Flash           Conj/Hex       0%           91%         3
 Gell's Gravitas          Tloc           0%           91%         3
 Ignite Poison            Fire/Tmut/Pois 0%           91%         3
 Inner Flame              Hex/Fire       0%           91%         3
 Lesser Beckoning         Tloc           0%           91%         3
 Mephitic Cloud           Conj/Pois/Air  0%           91%         3
 Portal Projectile        Hex/Tloc       0%           91%         3
 Static Discharge         Conj/Air       0%           91%         3
 Stone Arrow              Conj/Erth      0%           91%         3
 Summon Guardian Golem    Hex/Summ       0%           91%         3
 Teleport Other           Tloc           0%           91%         3
 Tukima's Dance           Hex            0%           91%         3
 Airstrike                Air            0%           100%        4
 Animate Dead             Necr           0%           100%        4
 Cause Fear               Hex            0%           100%        4
 Fulminant Prism          Conj/Hex       0%           100%        4
 Ice Form                 Ice/Tmut       0%           100%        4
 Iskenderun's Mystic Bla  Conj/Tloc      0%           100%        4
 Leda's Liquefaction      Hex/Erth       0%           100%        4
 Passage of Golubria      Tloc           N/A          100%        4
 Summon Ice Beast         Ice/Summ       0%           100%        4
 Summon Lightning Spire   Summ/Air       0%           100%        4
 Bolt of Magma            Conj/Fire/Erth 0%           100%        5
 Borgnjor's Vile Clutch   Necr/Erth      0%           100%        5
 Fireball                 Conj/Fire      0%           100%        5
 Irradiate                Conj/Tmut      0%           100%        5
 Iskenderun's Battlesphe  Conj           0%           100%        5
 Lee's Rapid Deconstruct  Erth           0%           100%        5
 Metabolic Englaciation   Hex/Ice        0%           100%        5
 Summon Forest            Summ/Tloc      0%           100%        5
 Death Channel            Necr           0%           100%        6
 Eringya's Noxious Bog    Tmut/Pois      0%           100%        6
 Hydra Form               Tmut           0%           100%        6
 Invisibility             Hex            0%           100%        6
 Iron Shot                Conj/Erth      0%           100%        6
 Simulacrum               Ice/Necr       0%           100%        6
 Starburst                Conj/Fire      0%           100%        6
 Statue Form              Tmut/Erth      0%           100%        6
 Dragon Form              Tmut           0%           100%        7
 Haunt                    Necr/Summ      0%           100%        7
 Orb of Destruction       Conj           0%           100%        7
 Spellforged Servitor     Conj/Summ      0%           100%        7
 Summon Hydra             Summ           0%           100%        7
 Borgnjor's Revivificati  Necr           0%           100%        8
 Ignition                 Fire           0%           100%        8
 Infestation              Necr           0%           100%        8
 Necromutation            Tmut/Necr      0%           100%        8
 Death's Door             Necr           0%           100%        9


Dungeon Overview and Level Annotations

Branches:
Dungeon (15/15)            Temple (1/1) D:6            Lair (6/6) D:8
  Swamp (4/4) Lair:3       Spider (4/4) Lair:2        Slime (0/5) Lair:6
    Orc (2/2) D:11            Elf (3/3) Orc:2        Vaults (5/5) D:13
  Crypt (0/3) Vaults:3     Depths (5/5) D:15            Zot (5/5) Depths:5
Volcano (visited)         Gauntlet (visited)

Altars:
Ashenzari
Cheibriados
Dithmenos
Elyvilon
Fedhas
Gozag
Hepliaklqana
Kikubaaqudgha
Makhleb
Nemelex Xobeh
Okawaru
Qazlal
Ru
Sif Muna
Trog
Uskayaw
Vehumet
Wu Jian
Xom
Yredelemnul
Zin
The Shining One
Beogh
Jiyva

Shops:
D:8 *   D:9 }   D:12 [   D:13 =   D:14 =   Orc:1 *   Orc:2 (([?   Elf:1 *
Lair:2 [   Lair:3 [*(   Vaults:1 :   Vaults:3 *   Vaults:5 !}=?!!*   Zot:4 *
Depths:1 *[   Depths:5 [*?}*

Portals:
Hell: Depths:1 Depths:2 Depths:5
Abyss: Depths:1 Depths:2
Pandemonium: Depths:2 Depths:3

Annotations:
D:5 3 runed translucent doors, YannSP's ghost, weakling MiFi
Orc:1 1 runed translucent door, Potutehi's ghost, journeyman DDFi
Elf:2 3 runed translucent doors
Depths:1 3 runed translucent doors, Ophixkez's ghost, veteran FoFi
Depths:5 3 runed translucent doors, Geelog's ghost, adept NaFi
Zot:1 3 runed translucent doors, Alunk's ghost, legendary GnFi
Zot:2 5 transporters


Innate Abilities, Weirdness & Mutations

You cannot wear boots.
Your serpentine skin is tough. (AC +9)
You have supernaturally acute eyesight. (SInv)
Armour fits poorly on your strangely shaped body.
Your system is resistant to poisons. (rPois)
You cover ground very slowly.
You can exhale a cloud of poison.
You can use your snake-like lower body to constrict enemies.
You are partially covered in icy blue scales. (AC +2)
You are partially covered in iridescent scales. (AC +2)
You can translocate small distances at will.
You are clumsy. (Dex -2)
You are extremely frail. (-30% HP)
Your magical capacity is very low. (-20% MP)
You are occasionally teleported next to monsters.
You are weak. (Str -2)
Potions are less effective at restoring your health.


Message History

A tentacled monstrosity comes into view.
An orb of fire comes into view.
The orb of fire glows red.
Strange energies course through your body.
You feel less energetic.
An orb of fire comes into view.
The orb of fire emits a lurid red light.
Strange energies course through your body.
You feel clumsy.
A death cob comes into view.
The Orb Guardian moves out of view. x8
Found a papyrus book.
The orb of fire glows red.
The bolt of fire hits you! You resist.
* * * LOW HITPOINT WARNING * * *
The Killer Klown pies you viciously! The klown pie hits you!!
Raspberry!
You feel weakened.
You feel dopey.
You feel clumsy.
You die...
Your body crumbles into a pile of gold.

...............
▓...............
▓..............
▓▓......L...XLz
▓▓:........p....
▓......*........
..........*..*..
...^^..@........
▓.....^.........
▓▓..............
▓▓▓▓...........
▓▓▓▓▓▓▓▓▓▓▓▓


You could see 3 orbs of fire, a Killer Klown, a tentacled monstrosity and 2
ancient liches.

Vanquished Creatures
  2 ancient liches (Zot:4)
  3 orbs of fire
  Mara (Vaults:4)
  A juggernaut (Depths:3)
  Saint Roka (Depths:2)
  A Killer Klown (Zot:2)
  Jory (Vaults:4)
  9 golden dragons
  A bone dragon (Depths:5)
  An electric golem (Zot:2)
  2 liches (Depths:2)
  12 tentacled monstrosities
  2 deep elf blademasters (Elf:3)
  4 titans
  4 quicksilver dragons
  4 sphinxes
  2 deep elf master archers (Elf:3)
  Kirke (D:14)
  10 death cobs
  An ancient champion (Vaults:3)
  Agnes (Spider:4)
  6 shadow dragons
  10 tengu reavers
  8 draconian monks
  A fenstrider witch (Swamp:4)
  6 fire giants
  11 frost giants
  12 storm dragons
  5 deep elf sorcerers
  5 draconian scorchers
  Aizul (Swamp:3)
  14 vault wardens
  5 draconian knights
  Louise (Depths:1)
  3 draconian stormcallers
  An orc warlord (Vaults:2)
  3 iron dragons
  3 draconian shifters (Zot:4)
  A curse skull (Vaults:3)
  7 ghost moths
  4 deep elf elementalists
  5 draconian annihilators
  4 emperor scorpions
  16 ironheart preservers
  A spriggan defender (Depths:3)
  13 stone giants
  A war gargoyle (Vaults:5)
  The ghost of Mumum the Arsonist, a journeyman DrFE of Vehumet (Lair:5)
  9 green draconians
  21 very ugly things
  2 vampire knights
  7 black draconians
  9 deep elf demonologists
  5 entropy weavers
  7 yellow draconians
  3 spark wasps
  11 purple draconians
  3 white draconians
  A minotaur (Gauntlet)
  3 deep elf annihilators (Elf:3)
  10 bunyips
  6 deep elf death magi
  An eidolon (Vaults:3)
  9 ettins
  11 red draconians
  A merfolk javelineer (Depths:3)
  6 eleionomae
  Harold (Lair:1)
  6 fire dragons
  5 deep elf high priests
  7 great orbs of eyes
  5 shambling mangroves
  11 yaktaur captains
  26 hydras
  27 vault guards
  3 rakshasas
  2 ghost crabs (Swamp:1)
  3 spriggan air magi
  8 ice dragons
  9 centaur warriors
  10 boulder beetles
  19 ogre magi
  3 death knights
  A catoblepas (shapeshifter) (Vaults:4)
  A two-headed ogre (shapeshifter) (Vaults:4)
  9 death yaks
  An alligator (shapeshifter) (Vaults:4)
  A hell hog (Volcano)
  2 deep troll earth magi
  A death scarab (Gauntlet)
  A tengu warrior (Depths:3)
  40 two-headed ogres
  8 deep troll shamans
  6 alligators
  3 spriggan berserkers
  An orc high priest (Elf:1)
  2 vampire magi
  A shock serpent (Depths:1)
  A sun demon (Depths:2)
  5 iron trolls
  11 deep elf knights
  A shadow wraith (Vaults:1)
  A shock serpent (shapeshifter) (D:13)
  7 hell knights
  2 sixfirhies
  A spectral catoblepas (Gauntlet)
  3 goliath frogs
  4 skeletal warriors
  An infernal demonspawn (Depths:3)
  2 fire crabs (Lair:6)
  2 flayed ghosts
  3 glowing orange brains
  25 deep trolls
  23 deep elf archers
  8 bog bodies
  4 spriggan druids
  A gelid demonspawn (Depths:3)
  2 shadow demons
  2 unseen horrors (D:14)
  10 swamp dragons
  3 wizards
  2 phantasmal warriors
  11 ironbrand convokers
  14 harpies
  3 necromancers
  Pikel (D:3)
  39 wolf spiders
  A harpy (shapeshifter) (Elf:3)
  24 orb spiders
  48 ugly things
  13 orc knights
  69 deep elf magi
  A shining eye (shapeshifter) (Depths:5)
  A manticore (shapeshifter) (Vaults:2)
  An orb spider (shapeshifter) (Depths:1)
  6 orc sorcerers
  A manticore (D:9)
  A faun (shapeshifter) (Vaults:5)
  2 stone giant zombies
  6 will-o-the-wisps
  An oklob plant (Lair:6)
  19 moths of wrath
  8 cyclopes
  A moth of wrath (shapeshifter) (Vaults:1)
  4 salamanders
  7 elephants
  A naga mage (Depths:1)
  3 molten gargoyles (Lair:6)
  7 black mambas
  4 centaur zombies
  Maurice (D:10)
  A smoke demon (Depths:2)
  A water nymph (shapeshifter) (Vaults:3)
  A black mamba (shapeshifter) (D:13)
  20 vault sentinels
  2 gargoyles
  A torpor snail (Lair:6)
  10 cane toads
  4 centaur skeletons
  10 freezing wraiths
  A storm dragon simulacrum (Vaults:3)
  14 demonic crawlers
  52 yaktaurs
  A rime drake (Lair:5)
  15 komodo dragons
  2 human zombies
  A tengu conjurer (Depths:3)
  2 ice devils (Depths:2)
  8 polar bears
  A red devil (Depths:3)
  2 queen bees (Lair:5)
  5 meliai (Lair:5)
  47 jumping spiders
  19 trolls
  7 blink frogs
  7 tyrant leeches
  Prince Ribbit (D:9)
  A large abomination (Gauntlet)
  A hornet (shapeshifter) (Vaults:4)
  35 hornets
  7 dream sheep (Lair:6)
  2 human simulacra
  A meliai zombie (D:13)
  14 slime creatures
  3 wraiths
  A centaur simulacrum (Gauntlet)
  A spriggan (shapeshifter) (Vaults:3)
  15 spriggans
  2 vampires
  27 tarantellas
  3 air elementals
  A wyvern (shapeshifter) (Elf:3)
  Eustachio (D:3)
  A fire bat (Volcano)
  An ettin skeleton (Vaults:3)
  87 redbacks
  A redback (shapeshifter) (Vaults:1)
  4 water elementals
  55 yaks
  11 wyverns
  A shadow (D:13)
  2 hogs (D:14)
  2 basilisks (Lair:6)
  4 fire elementals
  A golden eye (shapeshifter) (Vaults:4)
  2 steam dragons
  15 vampire mosquitoes
  A harpy simulacrum (Gauntlet)
  14 swamp worms
  An acid dragon (shapeshifter) (Vaults:2)
  9 wargs
  6 hell hounds
  2 acid dragons
  12 water moccasins
  4 black bears
  A floating eye (Depths:3)
  47 orc warriors
  3 phantoms
  An ice beast (D:7)
  A meliai simulacrum (Gauntlet)
  7 swamp drakes
  An elf zombie (Vaults:3)
  2 eyes of draining
  5 sky beasts
  40 ogres
  2 boggarts (Depths:3)
  3 necrophages
  A centaur (shapeshifter) (Depths:2)
  28 wolves
  6 small abominations (Gauntlet)
  6 centaurs
  3 lemures (D:3)
  4 big kobolds
  11 bullfrogs
  A wyvern zombie (D:11)
  3 earth elementals
  4 scorpions
  29 killer bees
  A water moccasin skeleton (D:4)
  An orc simulacrum (Vaults:1)
  12 wights
  4 electric eels
  A howler monkey (D:7)
  5 lava snakes (Lair:6)
  4 crimson imps (D:4)
  A bullfrog zombie (D:10)
  6 hounds
  4 jellies
  24 orc priests
  25 orc wizards
  A bullfrog skeleton (D:7)
  5 iguanas
  11 worker ants
  A hound zombie (D:5)
  2 worker ant zombies
  3 gnolls (D:6)
  14 adders
  4 shadow imps
  4 white imps
  3 ufetubi
  An ooze (D:5)
  An adder skeleton (D:4)
  2 worms
  3 dart slugs
  7 leopard geckos
  137 orcs
  5 giant cockroaches
  7 goblins
  8 hobgoblins
  15 jackals
  21 kobolds
  2 quokkas (D:2)
  6 bats
  12 frilled lizards
  A quokka skeleton (D:4)
  6 rats
2147 creatures vanquished.

Vanquished Creatures (collateral kills)
  A quicksilver dragon (Vaults:5)
  A vault warden (Vaults:5)
  2 boulder beetles
  An ogre mage (Orc:2)
  4 two-headed ogres (Orc:2)
  4 skeletal warriors
  A deep troll (Orc:2)
  A necromancer (D:15)
  An ironbrand convoker (Vaults:5)
  A wolf spider zombie (D:15)
  A cyclops (D:15)
  A gargoyle (D:15)
  An elf skeleton (D:15)
  A centaur skeleton (D:15)
  A spriggan zombie (D:15)
  2 trolls (Orc:2)
  A meliai (shapeshifter) (D:13)
  3 slime creatures (D:12)
  A spriggan skeleton (D:15)
  3 yaks (D:11)
  2 hogs (D:14)
  A soldier ant (D:13)
  An acid dragon (D:13)
  An eye of draining (D:15)
  A wolf (Lair:2)
  7 ogres (Orc:2)
  3 centaurs (D:15)
  A wight (D:14)
  An electric eel (D:11)
  A bullfrog skeleton (D:13)
  A worker ant (D:11)
  2 orcs (D:13)
54 creatures vanquished.

Vanquished Creatures (others)
  A draconian scorcher (Zot:4)
  13 dancing weapons
  A deep elf mage (Elf:2)
  4 bloated husks
  A tyrant leech (Swamp:4)
  A redback (Spider:3)
  3 humans (D:14)
  A sky beast (D:5)
  A boggart (Depths:3)
  2 ogres
  An orc (Vaults:3)
  27 foxfires
  19 fungi
  111 plants
  4 withered plants (Gauntlet)
190 creatures vanquished.

Grand Total: 2391 creatures vanquished

Notes
Turn   | Place    | Note
-------+----------+-------------------------------------------
     0 | D:1      | MajorAdolf the Naga Wanderer began the quest for the Orb.
     0 | D:1      | MajorAdolf set off with the following items: a +2 mace, a
                  | potion of lignification, a scroll of teleportation, a +0
                  | robe, a +0 dagger
     0 | D:1      | Reached XP level 1. HP: 18/18 MP: 1/1
   385 | D:1      | Reached XP level 2. HP: 26/26 MP: 2/2
   954 | D:2      | Reached XP level 3. HP: 27/33 MP: 3/3
  1023 | D:2      | Found a glowing silver altar of Zin.
  1457 | D:2      | Reached skill level 1 in Axes
  2040 | D:3      | Noticed a scorpion
  3057 | D:3      | Reached XP level 4. HP: 28/40 MP: 4/4
  3216 | D:2      | Reached XP level 5. HP: 42/48 MP: 5/5
  3634 | D:3      | Found a bloodstained altar of Trog.
  4562 | D:4      | Noticed Eustachio
  4766 | D:3      | Reached XP level 6. HP: 52/55 MP: 6/6
  5104 | D:3      | Reached skill level 5 in Axes
  5650 | D:4      | Noticed Pikel
  6623 | D:3      | Reached XP level 7. HP: 42/61 MP: 7/7
  6922 | D:3      | Killed Eustachio
  7020 | D:4      | Found a shadowy altar of Dithmenos.
  7102 | D:5      | Entered Level 5 of the Dungeon
  7322 | D:4      | Gained mutation: Your magical capacity is low. (-10% MP)
                  | [potion of mutation]
  7322 | D:4      | Gained mutation: You are partially covered in icy blue
                  | scales. (AC +2) [potion of mutation]
  7322 | D:4      | Gained mutation: Your skin changes colour to match your
                  | surroundings (Stealth+). [potion of mutation]
  7877 | D:5      | Noticed YannSP's ghost (weakling MiFi)
  7884 | D:5      | Found a runed translucent gate.
  7884 | D:5      | Found a runed translucent gate.
  7884 | D:5      | Found a runed translucent gate.
  8423 | D:5      | Reached XP level 8. HP: 67/68 MP: 7/7
  8741 | D:4      | Found a shimmering altar of Xom.
  8797 | D:3      | Killed Pikel
  9181 | D:4      | Reached skill level 10 in Axes
  9815 | D:6      | Found a staircase to the Ecumenical Temple.
  9824 | Temple   | Entered the Ecumenical Temple
  9970 | Temple   | Became a worshipper of Gozag Ym Sagoz the Greedy
 10183 | D:6      | Found a stormy altar of Qazlal.
 10184 | D:6      | Found a radiant altar of Vehumet.
 10385 | D:7      | Reached skill level 2 in Evocations
 10385 | D:7      | Reached XP level 9. HP: 24/74 MP: 6/8
 10739 | D:7      | Reached skill level 3 in Evocations
 11392 | D:7      | Reached skill level 4 in Evocations
 11444 | D:7      | Found a broken altar of Ashenzari.
 11934 | D:7      | Found an ornate altar of the Wu Jian Council.
 12991 | D:8      | Found a roughly hewn altar of Beogh.
 13116 | D:8      | Reached skill level 5 in Evocations
 13860 | D:8      | Identified the +1 ring mail of Darkness {rCorr Str-2 Int+3}
 14001 | D:8      | Reached XP level 10. HP: 34/87 MP: 9/9
 14651 | D:8      | Reached skill level 6 in Evocations
 14655 | D:8      | Found a staircase to the Lair.
 15099 | D:8      | Found a sacrificial altar of Ru.
 15267 | D:9      | Noticed a two-headed ogre
 15272 | D:9      | Killed a two-headed ogre
 15273 | D:9      | Reached skill level 5 in Fighting
 15406 | D:9      | Found a sparkling altar of Nemelex Xobeh.
 15551 | D:9      | Noticed a purple ugly thing
 15555 | D:9      | Killed a purple ugly thing
 15556 | D:9      | Reached skill level 7 in Evocations
 15808 | D:9      | Noticed a death knight
 15808 | D:9      | Noticed a manticore
 15871 | D:9      | Killed a manticore
 16333 | D:9      | Bought a wand of acid (10) for 280 gold pieces
 16333 | D:9      | Bought a wand of paralysis (7) for 90 gold pieces
 16340 | D:9      | Killed a death knight
 16467 | D:9      | Reached skill level 8 in Evocations
 16467 | D:9      | Reached XP level 11. HP: 97/97 MP: 9/9
 16583 | D:9      | Noticed Prince Ribbit
 16595 | D:9      | Killed Prince Ribbit
 17080 | D:9      | Found a hazy altar of Hepliaklqana.
 17302 | D:9      | Noticed a boulder beetle
 17315 | D:9      | Killed a boulder beetle
 17325 | D:9      | Reached skill level 5 in Armour
 17678 | D:9      | Got a bloodstained scimitar
 17738 | D:9      | Noticed a seven-headed hydra
 17745 | D:9      | Killed a seven-headed hydra
 18234 | D:9      | Found an iron altar of Okawaru.
 18244 | D:9      | Reached skill level 9 in Evocations
 18741 | D:9      | Found a hide-covered altar of Uskayaw.
 18939 | D:10     | Entered Level 10 of the Dungeon
 18994 | D:10     | Found a sacrificial altar of Ru.
 19006 | D:10     | Noticed Maurice
 19018 | D:10     | Killed Maurice
 19503 | D:10     | Found a roughly hewn altar of Beogh.
 20473 | D:10     | Noticed a white ugly thing
 20481 | D:10     | Killed a white ugly thing
 20840 | D:9      | Bought a wand of acid (10) for 280 gold pieces
 20890 | D:11     | Reached skill level 10 in Evocations
 20957 | D:11     | Found a staircase to the Orcish Mines.
 20965 | D:11     | You fall into a shaft and drop 1 floor!
 20966 | D:12     | Noticed a cyclops
 20982 | D:12     | Killed a cyclops
 20983 | D:12     | Reached XP level 12. HP: 76/109 MP: 10/10
 21316 | D:12     | Noticed a boulder beetle
 21342 | D:12     | Killed a boulder beetle
 21538 | D:12     | Noticed a boulder beetle
 21647 | D:11     | Noticed a death knight
 21668 | D:11     | Identified 2 scrolls of acquirement
 21875 | D:11     | Acquired the +14 obsidian axe {vorpal, +Fly SInv *Curse}
 21876 | D:11     | Found the +14 obsidian axe {vorpal, +Fly SInv *Curse}
 21929 | D:11     | Acquired a +4 ring of protection
 22105 | D:11     | Killed a death knight
 22216 | D:11     | HP: 5/110 [freezing wraith[a death knight] (13)]
 22639 | D:11     | Noticed a five-headed hydra
 22645 | D:11     | Killed a five-headed hydra
 22662 | D:11     | Reached skill level 11 in Evocations
 23662 | D:12     | Noticed a boulder beetle
 23674 | D:12     | Killed a boulder beetle
 23951 | D:12     | Found Huerr's Armour Shoppe.
 23995 | D:12     | Bought a +0 barding for 322 gold pieces
 24482 | D:12     | Killed a boulder beetle
 24583 | D:13     | Found Akkaashri's Jewellery Emporium.
 24596 | D:13     | Gained mutation: You can use your snake-like lower body to
                  | constrict enemies. [Naga growth]
 24596 | D:13     | Reached XP level 13. HP: 116/118 MP: 11/11
 24673 | D:13     | Reached skill level 12 in Evocations
 25072 | D:13     | Found a gate to the Vaults.
 25340 | D:13     | Reached skill level 1 in Shields
 25696 | D:14     | Noticed Kirke
 25713 | D:14     | Killed Kirke
 26532 | D:14     | Found a broken altar of Ashenzari.
 26671 | D:14     | Reached skill level 13 in Evocations
 27177 | D:15     | Entered Level 15 of the Dungeon
 27326 | D:15     | Found a staircase to the Depths.
 27337 | D:15     | Reached XP level 14. HP: 92/127 MP: 12/12
 27369 | D:15     | Reached skill level 10 in Fighting
 28577 | Orc:1    | Entered Level 1 of the Orcish Mines
 28577 | Orc:1    | Found a burning altar of Makhleb.
 28641 | Orc:1    | Noticed a stone giant
 28645 | Orc:1    | Found Adwipler's General Store.
 28655 | Orc:1    | Killed a stone giant
 28746 | Orc:1    | Bought a scroll of teleportation for 45 gold pieces
 28746 | Orc:1    | Bought a potion of curing for 45 gold pieces
 28828 | Orc:2    | Entered Level 2 of the Orcish Mines
 28842 | Orc:2    | Found Zimuesch's Antique Armour Shoppe.
 28870 | Orc:2    | Reached skill level 14 in Evocations
 28890 | Orc:2    | Found Fiblaody's Antique Weapon Shop.
 28891 | Orc:2    | HP: 1/133 [ogre mage/crystal spear (38)]
 29278 | Orc:2    | Bought an ancient plate armour for 644 gold pieces
 29278 | Orc:2    | Identified the +4 plate armour of Cogasoh {rElec Will- MP+9
                  | Int+4} (You bought it in a shop on level 2 of the Orcish
                  | Mines)
 29319 | Orc:2    | Found Ricvucic's Magic Scroll Emporium.
 29320 | Orc:2    | Found Vueg's Antique Weapon Emporium.
 29328 | Orc:2    | Bought a scroll of acquirement for 884 gold pieces
 29328 | Orc:2    | Acquired 849 gold pieces
 29332 | Orc:2    | Bought a scroll of enchant armour for 127 gold pieces
 29332 | Orc:2    | Bought a scroll of enchant weapon for 127 gold pieces
 29332 | Orc:2    | Bought a scroll of enchant armour for 127 gold pieces
 29332 | Orc:2    | Bought 3 scrolls of fear for 178 gold pieces
 29332 | Orc:2    | Bought a scroll of fog for 34 gold pieces
 29334 | Orc:2    | Found a staircase to the Elven Halls.
 29453 | Orc:2    | Bought a broad axe for 132 gold pieces
 29534 | Orc:2    | Found a roughly hewn altar of Beogh.
 30069 | Orc:1    | Found a runed translucent door.
 30071 | Orc:1    | Found the +4 skin of Zhor {Englaciate rC+++ SInv}
 30131 | Orc:1    | Noticed Potutehi's ghost (journeyman DDFi)
 30345 | Lair:1   | Entered Level 1 of the Lair of Beasts
 30520 | Lair:1   | Noticed Harold
 30527 | Lair:1   | Killed Harold
 30999 | Lair:1   | Found a glowing golden altar of the Shining One.
 31423 | Lair:2   | Reached XP level 15. HP: 132/140 MP: 13/13
 31711 | Lair:2   | Reached skill level 5 in Shields
 32053 | Lair:2   | Found a hole to the Spider Nest.
 32372 | Lair:2   | Acquired 1004 gold pieces
 32375 | Lair:2   | Bought a pair of glowing gloves for 285 gold pieces
 32719 | Lair:3   | Found a dark tunnel.
 32725 | Volcano  | Entered a volcano
 32918 | Volcano  | Got a pair of encrusted gloves
 32957 | Volcano  | Identified the +1 pair of gloves of Wasted Space {Will++}
                  | (You found it in a volcano)
 33537 | Lair:2   | Reached skill level 15 in Evocations
 35355 | Lair:3   | Found a staircase to the Swamp.
 35632 | Lair:4   | Found a sparkling altar of Nemelex Xobeh.
 36667 | Lair:2   | Bought a crude plate armour for 1064 gold pieces
 36677 | Lair:2   | Identified the +3 plate armour "Jobes" {rC+} (You bought it
                  | in a shop on level 2 of the Lair of Beasts)
 37142 | Lair:5   | Reached skill level 10 in Armour
 37250 | Lair:5   | Reached XP level 16. HP: 50/152 MP: 12/14
 37655 | Lair:5   | Found a transporter.
 37657 | Lair:5   | Found a transporter.
 37658 | Lair:5   | Noticed Mumum's ghost (journeyman DrFE)
 38407 | Lair:5   | Killed Mumum's ghost
 38578 | Lair:6   | Entered Level 6 of the Lair of Beasts
 38578 | Lair:6   | Found a gate leading to a gauntlet.
 38651 | Gauntlet | Entered a Gauntlet
 38651 | Gauntlet | Found a transporter.
 38736 | Gauntlet | Found a transporter.
 38752 | Gauntlet | Found a transporter.
 38757 | Gauntlet | Found a transporter.
 38775 | Gauntlet | Found a transporter.
 38794 | Gauntlet | Found a transporter.
 38806 | Gauntlet | Found a transporter.
 38818 | Gauntlet | Found a transporter.
 38830 | Gauntlet | Found a transporter.
 38842 | Gauntlet | Found a transporter.
 38861 | Gauntlet | Found a transporter.
 38878 | Gauntlet | Found a transporter.
 38880 | Gauntlet | Found a transporter.
 38905 | Gauntlet | Found a transporter.
 38907 | Gauntlet | Found a transporter.
 38927 | Gauntlet | Found a transporter.
 39005 | Gauntlet | Found a transporter.
 39190 | Gauntlet | Found a transporter.
 39255 | Gauntlet | Reached skill level 16 in Evocations
 39319 | Gauntlet | Got a coiled steel ring
 39353 | Gauntlet | Identified the +11 shortbow of Evisceration {venom, rC++
                  | Str+2}
 39367 | Gauntlet | Identified the Compendium of Frigorific Weightlessness
 39569 | Lair:6   | Found a large runed translucent door.
 39731 | Lair:6   | Found a large runed translucent door.
 40489 | Lair:6   | Found a staircase to the Slime Pits.
 40506 | Lair:6   | Found a viscous altar of Jiyva.
 41194 | Lair:6   | Acquired a +1 tower shield of protection
 41562 | Spider:1 | Entered Level 1 of the Spider Nest
 41817 | Lair:2   | HP: 7/154 [demonic crawler (6)]
 41819 | Lair:2   | HP: 3/154 [poisoned by a redback]
 41826 | Lair:2   | HP: 5/154 [poisoned by a redback]
 41837 | Lair:3   | HP: 6/154 [redback (6)]
 43066 | Elf:1    | Entered Level 1 of the Elven Halls
 44046 | Elf:1    | Reached XP level 17. HP: 150/162 MP: 15/15
 44113 | Elf:1    | Reached skill level 17 in Evocations
 45683 | Elf:1    | Bought a wand of acid (8) for 384 gold pieces
 45683 | Elf:1    | Bought a potion of heal wounds for 80 gold pieces
 47125 | Elf:2    | Found a runed translucent gate.
 47125 | Elf:2    | Found a runed translucent gate.
 47125 | Elf:2    | Found a runed translucent gate.
 47665 | D:14     | Bought an uncursed ring of protection from cold for 250
                  | gold pieces
 47679 | D:14     | Identified the ring of Zenymeis {+Fly Int+8} (You found it
                  | in a Gauntlet)
 48421 | Elf:3    | Entered Level 3 of the Elven Halls
 48781 | Elf:3    | Noticed a deep elf master archer
 48782 | Elf:3    | Noticed a deep elf blademaster
 48785 | Elf:3    | Noticed a Tzitzimitl
 49840 | Elf:3    | Gained mutation: You tend to lose your temper in combat. [a
                  | neqoxec]
 49893 | Elf:3    | Killed a deep elf master archer
 49894 | Elf:3    | Reached XP level 18. HP: 145/172 MP: 12/16
 49991 | Elf:3    | Reached skill level 18 in Evocations
 50051 | Elf:3    | Killed a deep elf blademaster
 50065 | Elf:3    | Noticed an Ice Fiend
 50392 | Elf:3    | Identified the +1 ring mail "Siannoli" {Rampage Will-
                  | Dex+4}
 50618 | Elf:3    | HP: 8/174 [deep elf annihilator/bolt of lightning (29)]
 51481 | Elf:3    | Found the +1 cloak of Starlight {*Dazzle EV+4 Stlth--}
 51488 | Elf:3    | Identified the Grimoire of Ashen Creation
 51503 | Elf:3    | Got a brightly glowing cloak
 51515 | Elf:3    | Identified the cursed -3 cloak of Charity {Will+ Int+3
                  | Dex-4 SInv} (You found it on level 3 of the Elven Halls)
 51594 | Elf:3    | Noticed a deep elf master archer
 51594 | Elf:3    | Noticed a deep elf blademaster
 51603 | Elf:3    | Killed a deep elf blademaster
 51613 | Elf:3    | Killed a deep elf master archer
 51616 | Elf:3    | Noticed an Ice Fiend
 53761 | Lair:2   | Lost mutation: Your magical capacity is low. (-10% MP)
                  | [potion of mutation]
 53761 | Lair:2   | Lost mutation: You tend to lose your temper in combat.
                  | [potion of mutation]
 53761 | Lair:2   | Gained mutation: Your mind is acute. (Int +2) [potion of
                  | mutation]
 53761 | Lair:2   | Gained mutation: You possess an exceptional clarity of
                  | mind. [potion of mutation]
 53761 | Lair:2   | Gained mutation: You can translocate small distances at
                  | will. [potion of mutation]
 54118 | Spider:1 | Reached skill level 15 in Axes
 55076 | Spider:2 | Reached skill level 19 in Evocations
 58088 | Spider:3 | Reached XP level 19. HP: 163/182 MP: 16/19
 59453 | Spider:3 | Found a roughly hewn altar of Beogh.
 59781 | Spider:4 | Entered Level 4 of the Spider Nest
 59863 | Spider:4 | Noticed Agnes
 59873 | Spider:4 | Killed Agnes
 60114 | Spider:4 | Reached skill level 20 in Evocations
 60626 | D:13     | Bought an uncursed amulet of regeneration for 390 gold
                  | pieces
 62294 | Spider:4 | Got a gossamer rune of Zot
 63055 | Swamp:1  | Entered Level 1 of the Swamp
 63722 | Swamp:1  | Reached skill level 21 in Evocations
 64771 | Swamp:2  | Reached XP level 20. HP: 156/193 MP: 20/20
 64775 | Swamp:2  | Reached skill level 15 in Fighting
 66307 | Swamp:4  | Entered Level 4 of the Swamp
 66550 | Swamp:4  | Noticed Aizul
 66817 | Swamp:3  | Killed Aizul
 67725 | Swamp:4  | Reached skill level 22 in Evocations
 68498 | Swamp:4  | Got a decaying rune of Zot
 68688 | Lair:3   | Bought a scroll of enchant weapon for 345 gold pieces
 68688 | Lair:3   | Bought a scroll of fog for 92 gold pieces
 68688 | Lair:3   | Bought a scroll of blinking for 345 gold pieces
 68688 | Lair:3   | Bought a warped plate armour for 1288 gold pieces
 68688 | Lair:3   | Bought a wand of disintegration (21) for 184 gold pieces
 68710 | Lair:3   | Identified the +7 plate armour of the Orb {Int+4} (You
                  | bought it in a shop on level 3 of the Lair of Beasts)
 68736 | Lair:3   | Bought the +2 helmet of Leacona {Slay+2} for 657 gold
                  | pieces
 68974 | Vaults:1 | Entered Level 1 of the Vaults
 69671 | Vaults:1 | Reached XP level 21. HP: 201/204 MP: 21/21
 69805 | Vaults:1 | Found Onnaux's Book Shoppe.
 71032 | Vaults:2 | Identified the +11 chain mail of the Cricket {Slay+6}
 71228 | Vaults:2 | Reached skill level 1 in Dodging
 72323 | Vaults:3 | Reached skill level 23 in Evocations
 72497 | Vaults:3 | Found a staircase to the Crypt.
 73025 | Vaults:3 | Reached XP level 22. HP: 172/214 MP: 22/22
 74938 | Vaults:4 | Noticed Mara
 74949 | Vaults:4 | Noticed MajorAdolf's illusion
 74962 | Vaults:4 | Killed Mara
 74982 | Vaults:4 | Reached skill level 10 in Shields
 75872 | Vaults:4 | Noticed Jory
 75892 | Vaults:4 | Killed Jory
 76400 | Vaults:5 | Entered Level 5 of the Vaults
 76521 | Vaults:4 | Reached XP level 23. HP: 187/221 MP: 23/23
 76606 | Vaults:5 | Reached skill level 5 in Dodging
 76666 | Vaults:5 | Identified the cursed +0 arbalest of Diet Blood {penet,
                  | Stlth+}
 77193 | Vaults:5 | Noticed a golden dragon
 77620 | Vaults:4 | Killed a golden dragon
 78195 | Vaults:4 | Reached skill level 24 in Evocations
 78514 | Vaults:5 | Noticed a golden dragon
 79368 | Vaults:5 | Identified the cursed +0 dire flail of Bile {holy, rElec
                  | Int+2 Dex+2}
 79829 | Vaults:5 | Reached XP level 24. HP: 195/234 MP: 23/23
 80068 | Vaults:5 | Found Wykeutt's General Store.
 80093 | Vaults:5 | Reached skill level 15 in Armour
 80101 | Vaults:5 | Bought a scroll of magic mapping for 80 gold pieces
 80101 | Vaults:5 | Bought a potion of curing for 69 gold pieces
 80451 | Vaults:5 | Found Dezixi's Jewellery Boutique.
 80491 | Vaults:5 | Bought the amulet of Uvaz Seo {Reflect rElec rN++ Str-4
                  | Int+4 SH+5} for 708 gold pieces
 80528 | Vaults:5 | Found Esuottus's Gadget Shoppe.
 80909 | Vaults:5 | Found Mowingum's Distillery.
 80914 | Vaults:5 | Bought a potion of might for 52 gold pieces
 80914 | Vaults:5 | Bought a potion of curing for 39 gold pieces
 80914 | Vaults:5 | Bought a potion of might for 52 gold pieces
 80914 | Vaults:5 | Bought a potion of curing for 39 gold pieces
 80914 | Vaults:5 | Bought a potion of curing for 39 gold pieces
 80914 | Vaults:5 | Bought 2 potions of curing for 78 gold pieces
 80936 | Vaults:5 | Found Xaixkang's Magic Scroll Shoppe.
 80941 | Vaults:5 | Bought a scroll of teleportation for 63 gold pieces
 80941 | Vaults:5 | Bought a scroll of holy word for 157 gold pieces
 80941 | Vaults:5 | Bought a scroll of teleportation for 63 gold pieces
 80941 | Vaults:5 | Bought a scroll of identify for 42 gold pieces
 80948 | Vaults:5 | Found Zuewigax's Distillery.
 80953 | Vaults:5 | Bought a potion of curing for 45 gold pieces
 80953 | Vaults:5 | Bought a potion of berserk rage for 75 gold pieces
 80971 | Vaults:5 | Found Liara's Distillery.
 80976 | Vaults:5 | Bought a potion of might for 80 gold pieces
 80976 | Vaults:5 | Bought a potion of resistance for 200 gold pieces
 80976 | Vaults:5 | Bought a potion of haste for 200 gold pieces
 80976 | Vaults:5 | Bought a potion of heal wounds for 100 gold pieces
 80976 | Vaults:5 | Bought a potion of haste for 200 gold pieces
 81030 | Vaults:5 | Got a silver rune of Zot
 81637 | Depths:1 | Entered Level 1 of the Depths
 81798 | Depths:1 | Found Ado Damn's Serpentskin Sales.
 82343 | Depths:1 | Found a one-way gate to the infinite horrors of the Abyss.
 82344 | Depths:1 | Noticed Louise
 82356 | Depths:1 | Killed Louise
 82560 | Depths:1 | Found a gateway to Hell.
 82593 | Depths:1 | Found a runed translucent gate.
 82593 | Depths:1 | Found a runed translucent gate.
 82593 | Depths:1 | Found a runed translucent gate.
 82594 | Depths:1 | Noticed an ancient lich
 82594 | Depths:1 | Noticed Ophixkez's ghost (veteran FoFi)
 82595 | Depths:1 | Found the +27 Lear's hauberk
 83690 | Depths:2 | Noticed Saint Roka
 83964 | Depths:2 | Killed Saint Roka
 84275 | Depths:1 | Reached XP level 25. HP: 65/243 MP: 23/23
 84742 | Depths:1 | Bought the +3 cloak of Indomitability {Int+4} for 383 gold
                  | pieces
 84935 | Depths:2 | Found a one-way gate leading to the halls of Pandemonium.
 85977 | Depths:3 | Reached skill level 25 in Evocations
 86473 | Depths:3 | Paralysed by a floating eye for 2 turns
 86475 | Depths:3 | Noticed a juggernaut
 86490 | Depths:3 | Killed a juggernaut
 86924 | Depths:3 | Found a runed translucent gate.
 86924 | Depths:3 | Found a runed translucent gate.
 86924 | Depths:3 | Found a runed translucent gate.
 86924 | Depths:3 | You fall into a shaft and drop 2 floors!
 86924 | Depths:5 | Entered Level 5 of the Depths
 87100 | Depths:5 | Found Huhaakk's Gadget Boutique.
 87106 | Depths:5 | Bought a wand of acid (12) for 608 gold pieces
 87106 | Depths:5 | Bought a wand of acid (8) for 456 gold pieces
 87244 | Depths:5 | Gained mutation: Your body sometimes deteriorates upon
                  | taking damage. [a shining eye]
 87247 | Depths:5 | Gained mutation: You are frail. (-10% HP) [a shining eye]
 87256 | Depths:5 | Lost mutation: Your mind is acute. (Int +2) [potion of
                  | mutation]
 87256 | Depths:5 | Lost mutation: You possess an exceptional clarity of mind.
                  | [potion of mutation]
 87256 | Depths:5 | Lost mutation: You are frail. (-10% HP) [potion of
                  | mutation]
 87256 | Depths:5 | Gained mutation: You can exhale a cloud of poison. [potion
                  | of mutation]
 87256 | Depths:5 | Gained mutation: You are strong-willed. (Will+) [potion of
                  | mutation]
 87256 | Depths:5 | Gained mutation: Your spells are a little harder to cast,
                  | but a little more powerful. [potion of mutation]
 87361 | Depths:5 | Lost mutation: You are strong-willed. (Will+) [potion of
                  | mutation]
 87361 | Depths:5 | Lost mutation: Your body sometimes deteriorates upon taking
                  | damage. [potion of mutation]
 87361 | Depths:5 | Lost mutation: You can exhale a cloud of poison. [potion of
                  | mutation]
 87361 | Depths:5 | Lost mutation: Your skin changes colour to match your
                  | surroundings (Stealth+). [potion of mutation]
 87361 | Depths:5 | Gained mutation: You are partially covered in iridescent
                  | scales. (AC +2) [potion of mutation]
 87361 | Depths:5 | Gained mutation: Your spells are harder to cast, but more
                  | powerful. [potion of mutation]
 87576 | Depths:5 | Found Axtaarph's Assorted Antiques.
 87584 | Depths:5 | Bought a potion of might for 128 gold pieces
 87585 | Depths:5 | Bought a scroll of teleportation for 96 gold pieces
 87585 | Depths:5 | Bought a scroll of fog for 64 gold pieces
 87625 | Depths:5 | Found a runed translucent gate.
 87625 | Depths:5 | Found a runed translucent gate.
 87625 | Depths:5 | Found a runed translucent gate.
 87625 | Depths:5 | Noticed Geelog's ghost (adept NaFi)
 87625 | Depths:5 | Noticed an ancient lich
 87698 | Depths:5 | Found Ogitiano's Magic Scroll Emporium.
 87702 | Depths:5 | Bought a scroll of magic mapping for 70 gold pieces
 87702 | Depths:5 | Bought a scroll of fear for 70 gold pieces
 87702 | Depths:5 | Bought a scroll of fog for 40 gold pieces
 87702 | Depths:5 | Found Vasuth's Armour Shoppe.
 87799 | Depths:5 | Found Sitim's Assorted Antiques.
 87807 | Depths:5 | Bought a wand of acid (11) for 304 gold pieces
 87807 | Depths:5 | Bought a wand of paralysis (8) for 76 gold pieces
 87807 | Depths:5 | Bought a potion of heal wounds for 190 gold pieces
 87807 | Depths:5 | Bought a scroll of silence for 285 gold pieces
 87807 | Depths:5 | Bought a scroll of teleportation for 114 gold pieces
 87807 | Depths:5 | Bought a scroll of fear for 133 gold pieces
 87940 | Depths:5 | Found a gate to the Realm of Zot.
 88621 | Zot:1    | Entered Level 1 of the Realm of Zot
 88941 | Zot:1    | Found a runed translucent gate.
 88942 | Zot:1    | Found a runed translucent gate.
 88944 | Zot:1    | Found a runed translucent gate.
 88945 | Zot:1    | Noticed Alunk's ghost (legendary GnFi)
 89901 | Zot:2    | Noticed a Killer Klown
 90141 | Zot:2    | Killed a Killer Klown
 90142 | Zot:2    | Reached XP level 26. HP: 229/255 MP: 23/23
 90982 | Zot:2    | Found a transporter.
 91001 | Zot:2    | Found a transporter.
 91001 | Zot:2    | Found a transporter.
 91747 | Zot:2    | Noticed an orb of fire
 91751 | Zot:2    | Gained mutation: You can exhale a cloud of poison. [an orb
                  | of fire]
 91758 | Zot:2    | Gained mutation: Potions are less effective at restoring
                  | your health. [an orb of fire]
 91760 | Zot:2    | Gained mutation: You are frail. (-10% HP) [an orb of fire]
 91909 | Zot:2    | Lost mutation: Your spells are harder to cast, but more
                  | powerful. [an orb of fire]
 91915 | Zot:2    | Killed an orb of fire
 91926 | Zot:2    | Noticed an ancient lich
 92387 | Zot:2    | Found a transporter.
 92424 | Zot:2    | Found a transporter.
 93474 | Zot:3    | Noticed an orb of fire
 93477 | Zot:3    | Gained mutation: You are very frail. (-20% HP) [an orb of
                  | fire]
 93499 | Zot:3    | Gained mutation: You are occasionally teleported next to
                  | monsters. [an orb of fire]
 93502 | Zot:3    | Killed an orb of fire
 94782 | Zot:4    | Noticed an ancient lich
 95454 | Zot:4    | Reached skill level 26 in Evocations
 95510 | Zot:4    | Killed an ancient lich
 95516 | Zot:4    | Noticed an orb of fire
 95523 | Zot:4    | Found a transporter.
 95527 | Zot:4    | Noticed an ancient lich
 95647 | Zot:4    | Reached XP level 27. HP: 28/212 MP: 23/23
 95653 | Zot:4    | Reached skill level 10 in Dodging
 96805 | Zot:4    | Found a radiant altar of Vehumet.
 97268 | Zot:4    | Gained mutation: You are extremely frail. (-30% HP) [an orb
                  | of fire]
 97269 | Zot:4    | Killed an ancient lich
 97286 | Zot:4    | Got a dazzling helmet
 97300 | Zot:4    | Identified the +1 helmet "Taukleru" {+Fly Str+4} (You found
                  | it on level 4 of the Realm of Zot)
 97357 | Zot:4    | Killed an orb of fire
 97483 | Zot:4    | Bought a scroll of enchant weapon for 390 gold pieces
 97484 | Zot:4    | Bought a potion of haste for 520 gold pieces
 97511 | Zot:4    | Found a transporter.
 97593 | Zot:5    | Entered Level 5 of the Realm of Zot
 97695 | Zot:5    | Noticed an orb of fire
 97695 | Zot:5    | Gained mutation: You are weak. (Str -2) [an orb of fire]
 97708 | Zot:5    | Noticed an orb of fire
 97710 | Zot:5    | Noticed an ancient lich
 97711 | Zot:5    | Noticed an ancient lich
 97711 | Zot:5    | Noticed an orb of fire
 97713 | Zot:5    | Noticed an ancient lich
 97713 | Zot:5    | Noticed an ancient lich
 97720 | Zot:5    | HP: 7/186 [??? (5)]
 97728 | Zot:5    | Noticed an orb of fire
 97728 | Zot:5    | Noticed an orb of fire
 97738 | Zot:5    | Gained mutation: Your magical capacity is low. (-10% MP)
                  | [an orb of fire]
 97741 | Zot:5    | Lost mutation: Your spells are a little harder to cast, but
                  | a little more powerful. [an orb of fire]
 97742 | Zot:5    | Noticed an ancient lich
 97742 | Zot:5    | Noticed an orb of fire
 97742 | Zot:5    | Noticed an ancient lich
 97742 | Zot:5    | Gained mutation: Your magical capacity is very low. (-20%
                  | MP) [an orb of fire]
 97742 | Zot:5    | Gained mutation: You are clumsy. (Dex -2) [an orb of fire]
 97743 | Zot:5    | Noticed an orb of fire
 97743 | Zot:5    | Noticed an orb of fire
 97743 | Zot:5    | Killed from afar by a Killer Klown

Illustrated notes

Levels and vault maps discovered:
D:1:      amcnicky_arrival_double_pillar, layout_basic
D:2:      layout_loops_cross, zin_scriptorium
D:3:      layout_basic, overflow_temple_1_default, st_stairs_13
D:4:      layout_cave_pools, led_xom_imps, grunt_dithmenos_smoke_and_mirrors,
          minmay_misc_feat_cross, st_stairs_14, minmay_misc_feat_five,
          uniq_pikel, uniq_eustachio
D:5:      layout_loops_corners, gammafunk_ghost_split
D:6:      layout_gridville, gammafunk_temple_overflow_pools,
          minmay_temple_entry_drinking_statues, grunt_ministairs_9
D:7:      layout_basic, nzn_wu_jian_contemplation, ashenzari_conservatory_becter
D:8:      layout_basic, kennysheep_mini_moat, erik_lair_orcish_takeover,
          special_room [special_room_orc]
D:9:      minmay_the_grid_net [minmay_the_grid_holed_spiral, minmay_the_grid_x,
          minmay_the_grid_tree, minmay_the_grid_dragon_b, minmay_the_grid_doors,
          minmay_the_grid_prize_four_corners], layout_layer_cave,
          general_overflow_altar, kennysheep_okawaru_gauntlet,
          marbit_many_paths, nemelex_xobeh_ov_fountains_minmay,
          uniq_prince_ribbit1
D:10:     cheibrodos_barr_body, layout_basic, special_room [special_room_orc],
          basic_altar, uniq_maurice
D:11:     layout_small_grid, orc_0_dummy, serial_bayou, serial_bayou_shore_a,
          serial_bayou_pond_d, serial_bayou_pond_c, serial_bayou_pond_e
D:12:     layout_cave_pods, serial_shops, shop, hangedman_decor_lopped
D:13:     layout_rooms, david_vaults_2, serial_shops, shop,
          hangedman_decor_riveting, minmay_fractal_squares_5
D:14:     layout_basic, nicolae_water_bricks, basic_altar, uniq_kirke
D:15:     gammafunk_depths_entry_grave, layout_small_grid,
          minmay_misc_feat_encased
Temple:   compressed_dpeg_triangle_lava_temple
Lair:1:   layout_long_grid, basic_altar, grunt_megastairs_3, uniq_harold
Lair:2:   layout_chaotic_city, spider_nest_entry_funnel_web
Lair:3:   layout_chaotic_city, nicolae_swamp_entry_splash_gauntlet,
          nicolae_volcano_entry_hallway, grunt_forest_stairs_clearing,
          lemuel_fruit_tree
Lair:4:   layout_roguey, basic_altar, st_stairs_11, serial_bayou_lagoon_a,
          beast_lair_carwin_4, infiniplex_staircase_pool_2
Lair:5:   layout_cave_pods, gammafunk_ghost_hive, special_room
          [special_room_bee], grunt_megastairs_2, serial_bayou_shore_b
Lair:6:   cheibrodos_lair_end_hotspot, layout_big_grid, slime_altar_1,
          gauntlet_entry_generic, minmay_lair_oklob_items
Swamp:1:  layout_basic_swamp, evilmike_swamp_ruin_house_3
Swamp:2:  layout_basic_swamp, wheals_swamp_sinkhole, swamp_pool2
Swamp:3:  layout_basic_swamp, evilmike_swamp_ruin_house_1, uniq_bai_suzhen
Swamp:4:  swamp_basic_johnstein, layout_basic_swamp, swamp_pool3, uniq_aizul
Spider:1: layout_spider_delve
Spider:2: layout_chambers, nicolae_spider_stair_cavern,
          nicolae_spider_cling_halls
Spider:3: nicolae_spider_mines_2
Spider:4: grunt_spider_rune_parallel, drop_trap, spiders_nest_the_unseen,
          uniq_agnes
Orc:1:    layout_caves, basic_altar, serial_shops, nicolae_shop_window_shopping,
          ebering_ghost_inner_flame
Orc:2:    st_orc_open, layout_caves, basic_altar
Elf:1:    eino_elf_arrival_customs, layout_loops_ring, grunt_ministairs_4,
          grunt_megastairs_4
Elf:2:    layout_geoelf_octagon, uniq_louise
Elf:3:    grunt_elf_hall_branching, layout_gridlike
Vaults:1: v_misc_22, v_misc_29, dpeg_vaults_monster_row, hangedman_vaults_snaps,
          v_alt_pattern_2, v_misc_17, vaults_room_stairs_pillars, st_lattice,
          layout_vaults_omnigrid, serial_shops, shop
Vaults:2: ontoclasm_vaults_gateway, vaults_room_guarded_vault,
          nicolae_vaults_yaktaur_gun_rack, nicolae_vaults_little_ls, v_misc_11,
          ontoclasm_vaults_ring_large, nicolae_vaults_theta, v_alt_pattern_4,
          vaults_standard_mumra_lines, vaults_dpeg_diagonal, v_misc_19,
          nicolae_vaults_windows_and_doors_thing, v_misc_31, layout_vaults_ring
Vaults:3: st_squares, v_misc_14, minmay_crypt_entry_simple_statues,
          vaults_mumra_minichess_inversion, vaults_room_door_hall,
          nicolae_vaults_three_branches, grunt_vaults_hallway_long,
          vaults_room_fours, layout_vaults_chaotic_city
Vaults:4: v_misc_3, v_misc_4, hangedman_vaults_capsules,
          hangedman_vaults_impose, v_misc_2, v_misc_23,
          nicolae_vaults_little_squares_1, ontoclasm_vaults_ring_small,
          vaults_dpeg_ring, ontoclasm_vaults_shout, layout_vaults_omnibox,
          uniq_mara, uniq_jory
Vaults:5
Depths:1: layout_honeycomb, gammafunk_ghost_necromancy,
          nicolae_abyss_entry_one_way_or_another, hangedman_coc_ice_floe,
          guppyfry_shop_venom
Depths:2: hangedman_cross_stitches, layout_cave_pools, serial_bayou_pond_a,
          abyss_entry, hell_entry, grunt_pan_entry_zigzag,
          infiniplex_staircase_zigzag_2, uniq_saint_roka
Depths:3: little_maze_vault, layout_cave_pools, enter_ziggurat_e,
          gammafunk_ghost_necromancy, pf_hell_entry_great_geh,
          rand_demon_pan_entry_9, grunt_tough_drop, uniq_boris
Depths:5: grunt_twist_and_shout, layout_long_grid, serial_shops, shop, shop,
          nicolae_shop_stone, nicolae_shop_statue_plus, shop, roderic_lattice_a,
          hell_entry, gammafunk_ghost_necromancy, minmay_misc_feat_plants,
          grunt_ministairs_12
Zot:1:    layout_gridlike, gammafunk_ghost_tricky_traps, st_stairs_1
Zot:2:    gammafunk_the_bubble [the_bubble_gammafunk_roulette], layout_basic
Zot:3:    gammafunk_dig_for_victory, layout_concentric_octagons, lemuel_elevator
Zot:4:    gammafunk_sealed_library, layout_cathedral_of_symmetry,
          skrybe_zot_glass_2
Zot:5:    layout_misc_corridors

Skill      XL: |  1  2  3  4  5  6  7  8  9 10 11 12 13 14 15 16 17 18 19 20 21 22 23 24 25 26 27 |
---------------+----------------------------------------------------------------------------------+-----
Fighting       | 2 4 6 7 8 9 10 11 12 13 14 15 16 17 18 19 | 19.2
Axes           | 2 3 4 6 8 10 11 12 13 14 15 16 17 18 19 | 19.8
Evocations     | 2 5 8 10 11 13 14 15 16 17 19 21 22 23 24 25 26 | 26.3
Armour         | 3 4 5 7 8 9 10 11 12 13 14 15 16 | 16.5
Shields        | 2 4 6 7 8 9 10 11 12 13 | 13.3
Dodging        | 2 4 6 7 8 9 10 | 10.2
Maces & Flails | |  3.0
Stealth        | |  3.0
Unarmed Combat | |  1.0

Action                   |  1- 3 |  4- 6 |  7- 9 | 10-12 | 13-15 | 16-18 | 19-21 | 22-24 | 25-27 || total
-------------------------+-------+-------+-------+-------+-------+-------+-------+-------+-------++-------
Melee: Mace              |   113 |   208 |   483 |       |       |       |       |       |       ||   804
       Punch             |       |     1 |     1 |       |       |       |       |       |       ||     2
       Hand axe          |       |       |    25 |   551 |       |       |       |       |       ||   576
       Broad axe         |       |       |       |   107 |   764 |  1217 |  1299 |  1146 |  1171 ||  5704
       Constrict         |       |       |       |       |   157 |   229 |   264 |   171 |   149 ||   970
Throw: Dart              |       |       |     1 |       |       |       |       |       |       ||     1
Invok: Call Merchant     |       |       |       |     1 |     3 |     1 |     3 |     1 |     2 ||    11
 Abil: Spit Poison       |     3 |     9 |    21 |     5 |       |       |       |       |       ||    38
Evoke: Wand              |       |       |     7 |    37 |    17 |    21 |    26 |     4 |     6 ||   118
       Tin of tremorston |       |       |       |     2 |     5 |     6 |     8 |     2 |     1 ||    24
       Lightning rod     |       |       |       |       |     8 |     4 |     4 |       |       ||    16
       Phial of floods   |       |       |       |       |       |       |     1 |       |       ||     1
       Box of beasts     |       |       |       |       |       |       |       |     1 |       ||     1
  Use: Scroll            |       |       |    20 |    12 |    21 |    19 |    10 |     5 |    11 ||    98
       Potion            |       |       |     5 |     1 |     1 |     8 |       |     4 |    28 ||    47
 Stab: Sleeping          |     7 |       |       |     1 |     7 |       |     4 |       |     1 ||    20
       Distracted        |       |       |       |     5 |    10 |    11 |    17 |    12 |     8 ||    63
       Paralysed         |       |       |       |    10 |     2 |     5 |    19 |       |       ||    36
Armor: Robe              |    30 |       |       |       |       |       |       |       |       ||    30
       Scale mail        |       |   132 |    66 |   287 |   568 |   980 |   990 |   736 |   572 ||  4331
       Chain mail        |       |       |   265 |    68 |       |       |       |       |       ||   333
       Skin              |       |       |    82 |       |       |       |       |       |       ||    82
       Plate armour      |       |       |       |       |    98 |   488 |       |       |       ||   586
Dodge: Dodged            |    79 |   115 |   122 |   205 |   144 |   144 |   157 |   255 |   232 ||  1453
Block: Kite shield       |       |       |       |       |   413 |   174 |       |       |       ||   587
       Tower shield      |       |       |       |       |       |  1120 |  1371 |  1277 |  1220 ||  4988
       Reflection        |       |       |       |       |       |       |       |    11 |    23 ||    34
